 Dungeon Crawl Stone Soup version 0.31.0-32-g396128a36d (webtiles) character file.

Game seed: 1060043690803628502

100 Logoto the Chopper (level 4, 0/41 HPs)
             Began as a Hill Orc Berserker on Mar 27, 2024.
             Was a Believer of Trog.
             Slain by Terence
             ... wielding a +0 hand axe
              (2 damage)
             ... on level 2 of the Dungeon.
             The game lasted 00:04:18 (1566 turns).

Logoto the Chopper (Hill Orc Berserker)             Turns: 1566, Time: 00:04:19

Health: 0/41       AC:  2    Str: 21    XL:     4   Next: 74%
Magic:  4/4        EV: 12    Int:  7    God:    Trog [**....]
Gold:   101        SH:  0    Dex: 10    Spells: 3/3 levels left

rFire   . . .        a - +0 hand axe
rCold   . . .        (no shield)
rNeg    . . .        b - +0 animal skin
rPois   .            (no helmet)
rElec   .            (no cloak)
rCorr   .            (no gloves)
SInv    .            (no boots)
Will    ++...        (no amulet)
Stlth   +            (no ring)
HPRegen 1.26/turn    (no ring)
MPRegen 0.09/turn

%: no passive effects
@: strong-willed, on berserk cooldown, regenerating
A: no striking features
a: Renounce Religion, Berserk, Trog's Hand


You were on level 2 of the Dungeon.
You worshipped Trog.
Trog was pleased with you.
You visited 1 branch of the dungeon, and saw 2 of its levels.

You collected 101 gold pieces.

Inventory:

Hand Weapons
 a - a +0 hand axe (weapon)
Armour
 b - a +0 animal skin (worn)
Scrolls
 c - 2 scrolls of identify
 f - a scroll of amnesia
 h - a scroll of teleportation {unknown}
 j - a scroll of fog {unknown}
Potions
 d - a potion of degeneration {unknown}
 e - a potion of curing {unknown}
 g - a potion of might {unknown}
 i - a potion of berserk rage
 k - a potion of heal wounds {unknown}


   Skills:
 + Level 4.7 Fighting
 + Level 5.4 Axes
 + Level 2.4 Armour
 + Level 2.1 Dodging
 + Level 0.5 Stealth


You had 3 spell levels left.
You didn't know any spells.
Your spell library was empty.

Dungeon Overview and Level Annotations

Branches:
Dungeon (2/15)

Altars:

Annotations:
D:2 Terence


Message History

You feel strong-willed.
You feel yourself speed up. Terence hits you with a +0 hand axe.
* * * LOW HITPOINT WARNING * * *
You hit Terence but do no damage.
Terence is moderately wounded.
Terence barely misses you.
You barely miss Terence.
Terence is moderately wounded.
Terence closely misses you.
You hit Terence but do no damage.
Terence is moderately wounded.
Terence hits you with a +0 hand axe.
You closely miss Terence.
Terence is moderately wounded.
Terence says, "Rest in peace."
Terence misses you.
You hit Terence but do no damage.
Terence is moderately wounded.
Terence barely misses you.
You hit Terence but do no damage.
Terence is moderately wounded.
Terence hits you with a +0 hand axe!
* * * LOW HITPOINT WARNING * * *
You completely miss Terence.
Terence is moderately wounded.
Terence closely misses you.
You hit Terence but do no damage.
Terence is moderately wounded.
Terence hits you with a +0 hand axe.
* * * LOW HITPOINT WARNING * * *
As you read the scroll labelled YNTUCVAROUN, it crumbles to dust.
It is a scroll of identify.
f - a scroll of amnesia Terence hits you with a +0 hand axe.
* * * LOW HITPOINT WARNING * * *
You hit Terence but do no damage.
Terence is moderately wounded.
Terence hits you with a +0 hand axe.
You die...
Terence says, "Rest in peace."

~..#.# #............#
~~#.####............####
.#.....#................
#...>...............#
.................).<#
......#.......>.....###
........###.#.........#.
......#####.#...........
....#...........@@....#.
##†.#######.#)###.#...#
##.....####.#<## .#.....
...........))))# ...#...
##.###.##...##.###..#.g
#.###.###..##.#......
##.....# #.......##.##
###.#..####..#....#.# #
#.#...###..#..#.#


You could see Terence.

Vanquished Creatures
  Robin (D:1)
  3 adders (D:2)
  A dart slug (D:1)
  A ribbon worm (D:2)
  3 endoplasms (D:1)
  2 giant cockroaches (D:1)
  12 goblins
  9 hobgoblins
  2 jackals (D:1)
  2 kobolds (D:1)
  5 quokkas
  3 ball pythons
  2 bats (D:1)
  2 frilled lizards
  4 rats (D:1)
52 creatures vanquished.

Notes
Turn   | Place    | Note
-------+----------+-------------------------------------------
     0 | D:1      | Logoto the Hill Orc Berserker began the quest for the Orb.
     0 | D:1      | Reached XP level 1. HP: 19/19 MP: 1/1
   360 | D:1      | Reached XP level 2. HP: 27/27 MP: 2/2
   559 | D:1      | Reached XP level 3. HP: 30/34 MP: 3/3
  1022 | D:2      | Found a faded altar of an unknown god.
  1138 | D:2      | Reached XP level 4. HP: 39/41 MP: 4/4
  1223 | D:2      | Reached skill level 5 in Axes
  1302 | D:2      | Noticed Robin
  1317 | D:1      | Killed Robin
  1317 | D:1      | Reached ** piety under Trog
  1542 | D:2      | Noticed Terence
  1565 | D:2      | HP: 1/41 [Terence/+0 hand axe (6)]
  1566 | D:2      | Slain by Terence

Illustrated notes

Levels and vault maps discovered:
D:1:      psy_arrival_spokes, layout_basic
D:2:      layout_rooms, shapermc_ecumenical_altar_starsandcircs,
          minmay_misc_feat_plants, hangedman_decor_slide_cut, uniq_terence,
          uniq_robin

Skill      XL: |  1  2  3  4 |
---------------+-------------+-----
Fighting       | 4 |  4.7
Axes           | 5 |  5.4
Dodging        | 2 |  2.1
Armour         | |  2.4
Stealth        | |  0.5

Action                     |  1- 3 |  4- 6 || total
---------------------------+-------+-------++-------
  Melee: Hand axe          |    93 |    58 ||   151
 Invoke: Berserk           |     5 |     2 ||     7
         Trog's Hand       |       |     1 ||     1
    Use: Scroll            |       |     1 ||     1
         Potion            |       |     1 ||     1
   Stab: Sleeping          |     1 |       ||     1
 Armour: Animal skin       |    45 |    38 ||    83
  Dodge: Dodged            |    55 |    44 ||    99
